 Dungeon Sprint DCSS version 0.27-a0-695-gb4952372f7 (webtiles) character file.

Game seed: 9730731602237846942

3951 mhtbhm the Bludgeoner (level 10, -7/110 HPs)
             Began as a Naga Berserker on Mar 21, 2021.
             Was a High Priest of Trog.
             Mangled by a catoblepas (12 damage)
             ... while petrified by a catoblepas
             ... in the Dungeon (Sprint IX: "|||||||||||||||||||||||||||||").
             The game lasted 00:02:50 (1069 turns).

mhtbhm the Bludgeoner (Naga Berserker)              Turns: 1069, Time: 00:02:51

Health: -7/110     AC:  7    Str: 23    XL:     10   Next: 21%
Magic:  10/10      EV:  1    Int: 10    God:    Trog [*****.]
Gold:   0          SH:  0    Dex: 14    Spells: 9/9 levels left

rFire    . . .     SeeInvis +   a - +2 morningstar (protect)
rCold    . . .     Faith    .   (no shield)
rNeg     + + +     Spirit   .   b - +0 troll leather armour
rPois    ∞         Reflect  .   (no helmet)
rElec    .         Harm     .   k - +0 cloak
rCorr    .         Rampage  .   (no gloves)
Will     +....     NoTele   +   (no barding)
Stlth    ++........             (no amulet)
HPRegen  1.28/turn              l - +3 ring of dexterity
MPRegen  0.12/turn              m - +3 ring of intelligence

@: petrified, very slow
A: AC +3, large, see invisible, deformed body, poison resistance, slowness 2,
spit poison 1, naga tail 1
a: Spit Poison, Renounce Religion, Berserk, Trog's Hand, Brothers in Arms


You were in the Dungeon.
You worshipped Trog.
Trog was extremely pleased with you.
You visited 1 branch

Inventory:

Hand Weapons
 a - a +2 morningstar of protection (weapon)
Armour
 b - a +0 troll leather armour (worn)
 k - a +0 cloak (worn)
Jewellery
 l - a +3 ring of dexterity (right hand)
 m - a +3 ring of intelligence (left hand)
Wands
 j - a wand of acid (7)
Scrolls
 h - 4 scrolls of blinking
 p - 2 scrolls of fear
 q - a scroll of identify
 r - 2 scrolls of enchant armour
Potions
 c - 6 potions of curing
 d - a potion of heal wounds
 e - 3 potions of haste
 f - 4 potions of magic
 g - 2 potions of berserk rage
 i - a potion of invisibility
 n - 2 potions of resistance
Miscellaneous
 o - a tin of tremorstones (2/2)


   Skills:
 + Level 13.1 Fighting
 + Level 15.7 Maces & Flails
 + Level 4.4 Armour
 + Level 8.2 Dodging
 + Level 2.5 Stealth
 + Level 0.5 Evocations


You had 9 spell levels left.
You didn't know any spells.
Your spell library was empty.

Dungeon Overview and Level Annotations

Branches:
Dungeon (1/1)

Altars:
Cheibriados
Dithmenos
Elyvilon
Fedhas
Gozag
Hepliaklqana
Kikubaaqudgha
Makhleb
Nemelex Xobeh
Okawaru
Qazlal
Ru
Sif Muna
Trog
Uskayaw
Vehumet
Wu Jian
Xom
Yredelemnul
Zin
The Shining One
Beogh
Jiyva
Lugonu


Innate Abilities, Weirdness & Mutations

Your serpentine skin is tough. (AC +3)
You have supernaturally acute eyesight. (SInv)
Armour fits poorly on your strangely shaped body.
Your system is resistant to poisons. (rPois)
You cover ground very slowly.
You can spit poison.
You have a snake-like lower body.


Message History

Unknown command.
You puncture the catoblepas!
The catoblepas is almost dead.
You are engulfed in calcifying dust.
You are slowing down.
The catoblepas breathes a plume of calcifying dust at you.
The blast of calcifying dust hits you but does no damage.
The blast of calcifying dust hits the blink frog!
The blink frog is engulfed in calcifying dust. x2
Unknown command.
Unknown command.
You completely miss the catoblepas.
The catoblepas is almost dead.
You are engulfed in calcifying dust.
Your limbs have turned to stone.
The blink frog is engulfed in calcifying dust.
The catoblepas completely misses you.
The blink frog is engulfed in calcifying dust.
You have turned to stone.
You are engulfed in calcifying dust.
The blink frog is engulfed in calcifying dust.
The catoblepas gores you!!
* * * LOW HITPOINT WARNING * * *
The blink frog is engulfed in calcifying dust.
You are engulfed in calcifying dust.
The blink frog is engulfed in calcifying dust. x2
The catoblepas gores you!
* * * LOW HITPOINT WARNING * * *
The blink frog is engulfed in calcifying dust.
The blink frog is engulfed in calcifying dust.
The catoblepas gores you.
* * * LOW HITPOINT WARNING * * *
The blink frog is engulfed in calcifying dust.
The catoblepas gores you!!
* * * LOW HITPOINT WARNING * * *
The catoblepas gores you!
* * * LOW HITPOINT WARNING * * *
The black mamba is no longer covered in acid.
The catoblepas is no longer covered in acid.
The catoblepas gores you!!
You die...

▓▓▓▓▓▓▓▓▓▓▓▓▓▓▓▓▓▓▓▓▓▓▓▓▓
.lrSSlDY@F.......†)....).
▓▓▓▓▓▓▓▓▓▓▓▓▓▓▓▓▓▓▓▓▓▓▓▓▓▓▓▓▓▓▓▓▓
.................................
▓▓▓▓▓▓▓▓▓▓▓▓▓▓▓▓▓▓▓▓▓▓▓▓▓▓▓▓▓▓▓▓▓
..)?.'________________________'..
▓▓▓▓▓▓▓▓▓▓▓▓▓▓▓▓▓▓▓▓▓▓▓▓▓▓▓▓▓▓▓▓▓


You could see a catoblepas, a seven-headed hydra (corroded), a komodo dragon, a
black mamba, a basilisk (corroded), a blink frog (petrified), a water moccasin
and a hell rat.

Vanquished Creatures
  A centaur warrior (D)
  A cyclops (D)
  2 black mambas (D)
  2 komodo dragons (D)
  A kobold demonologist (D)
  A rime drake (D)
  2 trolls (D)
  A blink frog (D)
  4 water moccasins (D)
  An ice beast (D)
  A bullfrog (D)
  A scorpion (D)
  A hound (D)
  2 iguanas (D)
  A worker ant (D)
  An adder (D)
  A white imp (D)
  An adder zombie (D)
  2 giant cockroaches (D)
  A jackal (D)
  A bat (D)
  A kobold (D)
  A quokka skeleton (D)
  A rat (D)
32 creatures vanquished.

Notes
Turn   | Place    | Note
-------+----------+-------------------------------------------
     0 | D        | mhtbhm the Naga Berserker began the quest for the Orb.
     0 | D        | Reached XP level 1. HP: 21/21 MP: 1/1
    10 | D        | Reached ** piety under Trog
    54 | D        | Noticed an iguana
    63 | D        | Killed an iguana
    63 | D        | Reached *** piety under Trog
    64 | D        | Reached skill level 4 in Maces & Flails
    64 | D        | Reached XP level 2. HP: 8/31 MP: 2/2
    64 | D        | Reached XP level 3. HP: 10/37 MP: 3/3
    68 | D        | HP: 2/55 [adder (2)]
    70 | D        | Reached skill level 5 in Maces & Flails
    71 | D        | Reached skill level 5 in Fighting
   405 | D        | Found a snail-covered altar of Cheibriados.
   405 | D        | Found a shadowy altar of Dithmenos.
   405 | D        | Found a white marble altar of Elyvilon.
   405 | D        | Found a blossoming altar of Fedhas.
   405 | D        | Found an opulent altar of Gozag.
   406 | D        | Found a hazy altar of Hepliaklqana.
   407 | D        | Found a viscous altar of Jiyva.
   408 | D        | Found an ancient bone altar of Kikubaaqudgha.
   409 | D        | Found a corrupted altar of Lugonu.
   410 | D        | Found a burning altar of Makhleb.
   411 | D        | Found a sparkling altar of Nemelex Xobeh.
   412 | D        | Found an iron altar of Okawaru.
   413 | D        | Found a stormy altar of Qazlal.
   414 | D        | Found a sacrificial altar of Ru.
   415 | D        | Found a shimmering blue altar of Sif Muna.
   416 | D        | Found a bloodstained altar of Trog.
   417 | D        | Found a hide-covered altar of Uskayaw.
   418 | D        | Found a radiant altar of Vehumet.
   419 | D        | Found an ornate altar of the Wu Jian Council.
   420 | D        | Found a shimmering altar of Xom.
   421 | D        | Found a basalt altar of Yredelemnul.
   422 | D        | Found a glowing silver altar of Zin.
   423 | D        | Found a glowing golden altar of the Shining One.
   474 | D        | Noticed a troll
   474 | D        | Noticed an ice beast
   474 | D        | Noticed a scorpion
   478 | D        | Reached **** piety under Trog
   479 | D        | Reached skill level 6 in Maces & Flails
   479 | D        | Reached XP level 4. HP: 46/46 MP: 4/4
   482 | D        | Reached skill level 7 in Maces & Flails
   482 | D        | Reached XP level 5. HP: 56/56 MP: 5/5
   483 | D        | Killed an ice beast
   484 | D        | Reached skill level 8 in Maces & Flails
   484 | D        | Reached XP level 6. HP: 67/67 MP: 6/6
   494 | D        | Killed a troll
   494 | D        | Reached ***** piety under Trog
   495 | D        | Reached skill level 10 in Maces & Flails
   495 | D        | Reached skill level 5 in Dodging
   495 | D        | Reached XP level 7. HP: 76/76 MP: 7/7
   680 | D        | Noticed a troll
   680 | D        | Noticed a cyclops
   680 | D        | Noticed a kobold demonologist
   680 | D        | Noticed a centaur warrior
   689 | D        | Killed a centaur warrior
   690 | D        | Reached skill level 10 in Fighting
   690 | D        | Reached skill level 12 in Maces & Flails
   690 | D        | Reached XP level 8. HP: 88/88 MP: 8/8
   691 | D        | Noticed a ynoxinul
   692 | D        | Killed a kobold demonologist
   692 | D        | Received a gift from Trog
   693 | D        | Reached skill level 13 in Maces & Flails
   703 | D        | Killed a cyclops
   704 | D        | Reached XP level 9. HP: 60/98 MP: 9/9
   713 | D        | Killed a troll
   913 | D        | Noticed a black mamba
   913 | D        | Noticed a komodo dragon
   913 | D        | Noticed a komodo dragon
   913 | D        | Noticed a rime drake
   913 | D        | Noticed a black mamba
   919 | D        | Killed a black mamba
   920 | D        | Reached skill level 14 in Maces & Flails
   920 | D        | Reached skill level 1 in Stealth
   933 | D        | Killed a rime drake
   938 | D        | Killed a komodo dragon
   942 | D        | Killed a komodo dragon
   943 | D        | Reached skill level 15 in Maces & Flails
   951 | D        | Killed a black mamba
   952 | D        | Reached XP level 10. HP: 56/109 MP: 10/10
   958 | D        | Received a gift from Trog
  1040 | D        | Noticed a seven-headed hydra
  1040 | D        | Noticed a catoblepas
  1041 | D        | Noticed a black mamba
  1059 | D        | HP: 3/110 [catoblepas (25)]
  1067 | D        | HP: 5/110 [catoblepas (9)]
  1069 | D        | Mangled by a catoblepas

Illustrated notes

Levels and vault maps discovered:
D:        linesprint [early_d, line_temple, items_1, d_10, items_2, lair_1,
          lair_end, items_3, orc_1, orc_end, items_4, d_15, swamp_1, shoals_1,
          snake_1, spider_1, d_20, vaults_1, items_5, swamp_end, shoals_end,
          snake_end, spider_end, vaults_end, d_27, items_6, zot_1, zot_end,
          crypt_end, forest_end, elf_end, slime_end, tomb_end, abyss_end,
          pan_hell_end]

Skill      XL: |  1  2  3  4  5  6  7  8  9 10 |
---------------+-------------------------------+-----
Fighting       | 4 5 6 7 9 10 11 12 13 | 13.1
Maces & Flails | 4 6 7 8 10 12 13 15 | 15.7
Armour         | 2 3 4 |  4.4
Dodging        | 2 3 4 5 6 7 8 |  8.2
Stealth        | 2 |  2.5
Evocations     | |  0.5

Action                   |  1- 3 |  4- 6 |  7- 9 | 10-12 || total
-------------------------+-------+-------+-------+-------++-------
Melee: Mace              |    32 |       |       |       ||    32
       Morningstar       |     2 |    14 |    55 |    17 ||    88
Invok: Berserk           |     3 |       |     2 |       ||     5
       Brothers in Arms  |       |       |     1 |     2 ||     3
 Abil: Spit Poison       |     2 |       |     5 |     1 ||     8
Evoke: Wand              |       |       |     1 |     2 ||     3
  Use: Potion            |       |       |     1 |     1 ||     2
 Stab: Sleeping          |       |       |       |     1 ||     1
Armor: Animal skin       |     4 |       |       |       ||     4
       Ring mail         |     1 |    10 |       |       ||    11
       Troll leather arm |       |       |    13 |    12 ||    25
Dodge: Dodged            |    12 |     5 |    38 |     4 ||    59

Table legend: (Time is in decaauts)
 A = Elapsed time spent in this place.
 B = Non-inter-level travel time spent in this place.
 C = Inter-level travel time spent in this place.
 D = Time resting spent in this place.
 E = Time spent auto-exploring this place.
 F = Levels seen in this place.
 G = Mean time per level.
                   A        B        C        D        E       F      G
               +--------+--------+--------+--------+--------+-----+--------+
         Total |   1172 |   1172 |      0 |    668 |    146 |   1 | 1172.0 |
       Dungeon |   1172 |   1172 |      0 |    668 |    146 |   1 | 1172.0 |
               +--------+--------+--------+--------+--------+-----+--------+

Top non-repeatable levels by time:
       D: 1172 daAuts
